 Dungeon Crawl Stone Soup version 0.30-a0-250-g41c1d76940 (webtiles) character file.

Game seed: 6441541173604962240

148477 iguanaiguana the Cleaver (level 16, -18/204 HPs)
             Began as an Armataur Reaver on Oct 11, 2022.
             Was a High Priest of Okawaru.
             Demolished by an azure jelly (21 damage)
             ... on level 1 of the Elven Halls on Oct 12, 2022.
             The game lasted 02:36:43 (27658 turns).

iguanaiguana the Cleaver (Armataur Reaver)         Turns: 27658, Time: 02:36:44

Health: -18/204    AC: 16    Str: 22    XL:     16   Next: 64%
Magic:  23/23      EV:  9    Int: 23    God:    Okawaru [*****.]
Gold:   815        SH:  6    Dex:  7    Spells: 11/23 levels left

rFire   + + .      SeeInvis .    a - +8 mithril axe "Arga" {speed, Will+}
rCold   + . .      Faith    .    H - +2 buckler
rNeg    . . .      Spirit   .    h - +0 scale mail "Hunoth" {Regen+ rCorr Int+2 Slay+6}
rPois   .          Reflect  .    p - -2 hat of Negation {rElec Will+ Dex+2}
rElec   +          Harm     .    y - +0 cloak
rCorr   +          Roll     +    D - +0 pair of gloves of Perfidy {rF+ Int+4 Dex-4}
Will    +++..                    N - +4 barding {rF+}
Stlth   ..........               r - amulet of regeneration
HPRegen 2.14/turn                k - +4 ring of evasion
MPRegen 0.18/turn                C - ring of protection from cold

@: berserking, very quick
A: large, rugged brown scales 3, deformed body, armoured tail, roll, long
tongue, awkward tongue
}: 1/15 runes: decaying
a: Renounce Religion, Heroism, Finesse, Duel


You were on level 1 of the Elven Halls.
You worshipped Okawaru.
Okawaru was extremely pleased with you.
You visited 6 branches of the dungeon, and saw 28 of its levels.
You also visited: Ossuary and Gauntlet.

You collected 2498 gold pieces.
You spent 1683 gold pieces at shops.

Inventory:

Hand Weapons
 a - the +8 mithril axe "Arga" (weapon) {speed, Will+}
   (Okawaru gifted it to you on level 3 of the Swamp)

   Attacks with this weapon are significantly faster.
   Will:      It increases your willpower.
 b - a +0 broad axe of flaming
 A - the +9 short sword of Niqu {vorpal, *Noise rF+ rN+ Str+2}
   (You found it on level 6 of the Dungeon)

   It inflicts extra damage upon your enemies.
   Str:       It affects your strength (+2).
   rF:        It protects you from fire.
   rN:        It protects you from negative energy.
   *Noise:    It may make noises in combat.
Missiles
 f - a javelin
 n - 24 poisoned darts
 F - 7 boomerangs (quivered)
 I - 5 throwing nets
 J - 9 silver javelins
 P - a curare-tipped dart
Armour
 h - the +0 scale mail "Hunoth" (worn) {Regen+ rCorr Int+2 Slay+6}
   (You found it on level 9 of the Dungeon)

   Int:       It affects your intelligence (+2).
   Slay:      It affects your accuracy & damage with ranged weapons and melee
   (+6).
   Regen:     It increases your rate of health regeneration.
   rCorr:     It protects you from acid and corrosion.
 p - the -2 hat of Negation (worn) {rElec Will+ Dex+2}
   (You acquired it on level 1 of the Swamp)

   Dex:       It affects your dexterity (+2).
   rElec:     It insulates you from electricity.
   Will:      It increases your willpower.
 y - a +0 cloak (worn)
 D - the +0 pair of gloves of Perfidy (worn) {rF+ Int+4 Dex-4}
   (You found it in a Gauntlet)

   Int:       It affects your intelligence (+4).
   Dex:       It affects your dexterity (-4).
   rF:        It protects you from fire.
 H - a +2 buckler (worn)
 N - a +4 barding of fire resistance (worn)
 O - a +4 scale mail of poison resistance
Jewellery
 e - a ring of wizardry
 k - a +4 ring of evasion (left hand)
 r - an amulet of regeneration (around neck)
 C - a ring of protection from cold (right hand)
 R - a ring of positive energy
 X - a ring of flight
Wands
 o - a wand of light (5)
 E - a wand of flame (10)
 G - a wand of paralysis (21)
Scrolls
 g - 11 scrolls of teleportation {@r3}
 i - 3 scrolls of immolation
 l - 2 scrolls of silence
 m - 3 scrolls of vulnerability
 q - 2 scrolls of enchant armour
 v - a scroll of fog
 L - 7 scrolls of fear
 S - 7 scrolls of poison
 U - 2 scrolls of magic mapping {@r5}
 V - 2 scrolls of blinking {@r4}
Potions
 c - 5 potions of cancellation
 d - 2 potions of lignification
 s - a potion of heal wounds {@q2}
 t - 2 potions of attraction
 u - 4 potions of might {@q3}
 w - a potion of resistance {@q5}
 z - 8 potions of curing {@q1}
 B - a potion of mutation
 K - 3 potions of brilliance
 M - 2 potions of ambrosia
 T - a potion of magic
 W - a potion of haste {@q4}
 Y - a potion of berserk rage
 Z - 2 potions of invisibility
Miscellaneous
 j - a lightning rod (4/4)


   Skills:
 - Level 8.0 Fighting
 - Level 12.8(13.0) Axes
 - Level 2.6(9.4) Maces & Flails
 - Level 10.0 Throwing
 - Level 5.0 Armour
 - Level 1.3 Dodging
 - Level 6.0 Shields
 - Level 4.0 Spellcasting
 + Level 11.6 Conjurations
 - Level 2.0 Necromancy
 - Level 4.0 Translocations
 + Level 11.6 Transmutations
 - Level 10.0 Invocations
 - Level 8.0 Evocations


You had 11 spell levels left.
You knew the following spells:

 Your Spells              Type           Power      Damage    Failure   Level
a - Irradiate             Conj/Tmut      27%        3d20      8%          5
b - Momentum Strike       Conj/Tloc      80%        3d10      1%          2
c - Kiss of Death         Conj/Necr      100%       2d13      1%          1
d - Iskenderun's Mystic   Conj/Tloc      40%        2d9       13%         4

Your spell library contained the following spells:

 Spells                   Type           Power      Damage    Failure   Level
 Beastly Appendage        Tmut           100%       N/A       1%          1
 Magic Dart               Conj           100%       1d8       1%          1
 Searing Ray              Conj           100%       2d8       1%          2
 Blade Hands              Tmut           27%        N/A       8%          5
 Dazzling Flash           Conj/Hex       62%        N/A       9%          3
 Hailstorm                Conj/Ice       31%        3d8       9%          3
 Ignite Poison            Fire/Tmut/Pois 22%        N/A       19%         3
 Mephitic Cloud           Conj/Pois/Air  22%        N/A       19%         3
 Sublimation of Blood     Necr           13%        N/A       21%         2
 Flame Wave               Conj/Fire      31%        2d9       28%         4
 Fulminant Prism          Conj/Hex       15%        3d11      28%         4
 Petrify                  Tmut/Erth      31%        N/A       28%         4
 Freeze                   Ice            16%        1d4       30%         1
 Slow                     Hex            16%        N/A       30%         1
 Vampiric Draining        Necr           13%        2d6       38%         3
 Scorch                   Fire           8%         2d5       43%         2
 Kindle Blastsparks       Fire/Tloc/Air  20%        2d11      50%         3
 Passage of Golubria      Tloc           23%        N/A       52%         4
 Confusing Touch          Hex            4%         N/A       67%         3
 Frozen Ramparts          Ice            8%         1d2       67%         3
 Freezing Cloud           Conj/Ice/Air   11%        6-21      87%         5
 Orb of Destruction       Conj           27%        9d9       92%         7
 Borgnjor's Vile Clutch   Necr/Erth      4%         N/A       99%         5
 Iron Shot                Conj/Erth      15%        9d4       99%         6
 Starburst                Conj/Fire      15%        6d6       99%         6
 Silence                  Hex/Air        2%         N/A       100%        5
 Storm Form               Tmut/Air       15%        N/A       100%        7
 Lehudib's Crystal Spear  Conj/Erth      15%        10d5      100%        8
 Maxwell's Capacitive Co  Air            2%         ∞         100%        8
 Call Imp                 Summ           Unusable   N/A       N/A         2
 Summon Guardian Golem    Hex/Summ       Unusable   N/A       N/A         3
 Animate Dead             Necr           Unusable   N/A       N/A         4
 Animate Armour           Summ/Erth      Unusable   N/A       N/A         4
 Summon Lightning Spire   Summ/Air       Unusable   N/A       N/A         4
 Death Channel            Necr           Unusable   N/A       N/A         6
 Summon Cactus Giant      Summ           Unusable   N/A       N/A         6
 Spellforged Servitor     Conj/Summ      Unusable   N/A       N/A         7

Dungeon Overview and Level Annotations

Branches:
Dungeon (15/15) Zot: 25712  Temple (1/1) D:4 Zot: 5963    Lair (5/5) D:10 Zot: 24712
  Swamp (4/4) Lair:2 Zot: 20165  Spider (0/4) Lair:2        Slime (0/5) Lair:5
    Orc (2/2) D:11 Zot: 10573     Elf (1/3) Orc:2 Zot: 5843  Vaults (0/5) D:14
 Depths (0/4) D:15        Ossuary (visited)         Gauntlet (visited)

Altars:
Ashenzari
Cheibriados
Dithmenos
Elyvilon
Fedhas
Gozag
Hepliaklqana
Makhleb
Nemelex Xobeh
Okawaru
Qazlal
Ru
Sif Muna
Trog
Uskayaw
Vehumet
Wu Jian
Xom
Yredelemnul
Zin
The Shining One
Jiyva

Shops:
D:6 *   Orc:1 !   Orc:2 *?(!!

Portals:
Ice
Cave: Elf:1

Annotations:
D:2 exclusion: downstairs
D:8 exclusion: downstairs
D:10 3 transporters
D:13 exclusion: orange crystal statue
Lair:1 exclusions: door and 2 more exclusions
Lair:4 exclusion: downstairs
Lair:5 Rupert
Swamp:1 2 transporters, trickyswaf's ghost, journeyman SpHu
Swamp:3 exclusion: downstairs


Innate Abilities, Weirdness & Mutations

You are completely covered in rugged brown scales. (AC +3, +7% HP)
Armour fits poorly on your strangely shaped body.
You have a long armoured tail.
You roll when moving toward enemies. (Rampage)
Your long tongue fully drains potion bottles. (2x potion effects)
Your tongue gives you trouble enunciating. (1.5x scroll delay)


Message History

The azure jelly hits you!
* * * LOW HITPOINT WARNING * * *
The azure jelly hits you.
* * * LOW HITPOINT WARNING * * *
Okay, then.
Okay, then.
Okay, then.
A red film seems to cover your vision as you go berserk!
You feel yourself moving faster!
You feel mighty! The azure jelly hits you.
* * * LOW HITPOINT WARNING * * *
The azure jelly freezes you! You resist.
* * * LOW HITPOINT WARNING * * *
The azure jelly hits you.
* * * LOW HITPOINT WARNING * * *
The azure jelly freezes you!! You resist.
* * * LOW HITPOINT WARNING * * *
The azure jelly hits you.
* * * LOW HITPOINT WARNING * * *
The azure jelly freezes you! You resist.
* * * LOW HITPOINT WARNING * * *
The azure jelly hits you.
* * * LOW HITPOINT WARNING * * *
You slash the azure jelly! You tail-slap the azure jelly!
The azure jelly is severely wounded.
You barely miss the azure jelly. You tail-slap the azure jelly!
The azure jelly is almost dead.
You closely miss the azure jelly.
The azure jelly is almost dead.
The azure jelly hits you.
* * * LOW HITPOINT WARNING * * *
The azure jelly freezes you! You resist.
* * * LOW HITPOINT WARNING * * *
The azure jelly hits you!
* * * LOW HITPOINT WARNING * * *
You barely miss the azure jelly.
The azure jelly is almost dead.
The azure jelly hits you.
* * * LOW HITPOINT WARNING * * *
The azure jelly freezes you!! You resist.
You die...

##..(⌠.⌠...###..
#........## ##.
#...#.....## ##
##..####'#### #
#.. #.# #.
####.#
####.###....#
#...........#
#.###@###.#.#
#J# #...# #.#
#...# ... #.#.#
... #.#.#
#...##.#.#
##∩##..# # ###


You could see an azure jelly.

Vanquished Creatures
  A bone dragon (Swamp:4)
  A thorn hunter (Swamp:1)
  A fenstrider witch (Swamp:3)
  4 ghouls
  5 eleionomae
  5 bunyips
  A minotaur (Gauntlet)
  A blizzard demon (Gauntlet)
  A shambling mangrove (Swamp:2)
  4 vault guards (D:14)
  Harold (D:10)
  2 catoblepae
  9 hydras
  A ghost crab (Swamp:4)
  10 centaur warriors
  A death knight (D:15)
  10 death yaks
  2 boulder beetles
  A dancing weapon (Elf:1)
  12 alligators
  A merfolk aquamancer (D:12)
  8 two-headed ogres
  A shock serpent (shapeshifter) (D:14)
  A spriggan berserker (Swamp:4)
  An orc high priest (Orc:2)
  A goliath frog (Swamp:3)
  4 skeletal warriors
  A deep elf archer (Elf:1)
  5 spriggan druids
  6 spectral hydras (Swamp:4)
  4 swamp dragons
  9 bog bodies
  A wolf spider zombie (D:13)
  A lindwurm (Lair:3)
  7 deep elf pyromancers
  3 phantasmal warriors (Swamp:4)
  A necromancer (D:15)
  A wizard (Arena)
  7 orc knights (Orc:2)
  3 deep elf zephyrmancers (Elf:1)
  9 cyclopes
  3 manticores
  6 ugly things
  5 orc sorcerers
  3 will-o-the-wisps
  An oklob plant (Swamp:4)
  5 centaur zombies
  A smoke demon (Gauntlet)
  3 elephants (Lair:4)
  5 black mambas
  A centaur skeleton (D:15)
  A naga mage (D:15)
  2 water nymphs
  2 rime drakes
  A kobold demonologist (D:10)
  A hellion (Gauntlet)
  2 ice devils (Gauntlet)
  8 cane toads
  3 komodo dragons
  An unseen horror (D:12)
  An efreet (D:13)
  5 swamp worm zombies (Swamp:4)
  4 freezing wraiths
  6 polar bears
  6 hornets
  12 trolls
  4 bloated husks
  3 hydra zombies (Swamp:4)
  7 tyrant leeches
  6 saltlings (Orc:2)
  5 slime creatures (D:11)
  5 alligator zombies (Swamp:4)
  8 blink frogs
  A dream sheep (Lair:3)
  2 centaur simulacra
  2 shadows
  9 spriggans
  3 wraiths
  2 water elementals (Elf:1)
  2 vampires (D:13)
  6 wyverns
  A fire elemental (Elf:1)
  39 yaks
  A basilisk (shapeshifter) (D:14)
  2 steam dragons
  2 basilisks
  4 wargs
  7 swamp worms
  12 vampire mosquitoes
  An acid dragon (D:12)
  A hell hound (Gauntlet)
  10 water moccasins
  A swamp drake (Swamp:3)
  A sky beast (D:6)
  4 swamp dragon zombies (Swamp:4)
  2 black bears
  8 ogres
  18 orc warriors
  4 wolves
  18 centaurs
  5 phantoms
  3 kobold brigands
  7 bullfrogs
  4 necrophages
  2 elf zombies (Ossuary)
  A gnoll sergeant (D:9)
  2 scorpions (D:5)
  6 killer bees (D:6)
  3 electric eels
  6 howler monkeys
  2 jellies
  12 orc priests
  Jessica (D:2)
  6 iguanas
  13 orc wizards
  Natasha (thrice) (D:3)
  2 spectral swamp drakes (Swamp:4)
  A statue (D:7)
  2 mummies (Ossuary)
  11 gnolls
  10 adders
  A white imp (Gauntlet)
  4 worms
  A dart slug (D:4)
  63 orcs
  6 endoplasms
  4 giant cockroaches
  5 goblins
  4 hobgoblins
  2 quokkas
  10 ball pythons
  3 bats
  3 frilled lizards
  5 gnoll zombies (Ossuary)
  2 goblin zombies (Ossuary)
  3 hobgoblin zombies (Ossuary)
  17 kobolds
  A kobold zombie (D:6)
  4 orc zombies
  2 rats
  2 briar patches (Swamp:1)
  2 pillars of salt (Orc:2)
683 creatures vanquished.

Vanquished Creatures (others)
  A bog body (Swamp:4)
  2 bloated husks
  3 swamp worms
  A black bear (D:5)
  2 phantoms (Swamp:4)
  A gnoll sergeant (D:5)
  3 orc wizards
  2 gnolls
  A white imp (D:5)
  An orc (D:6)
  A bush (Lair:2)
  3 demonic plants (Gauntlet)
  21 foxfires
  12 fungi
  2 pillars of salt (Orc:2)
  21 plants
  A withered plant (D:13)
78 creatures vanquished.

Grand Total: 761 creatures vanquished

Notes
Turn   | Place    | Note
-------+----------+-------------------------------------------
     0 | D:1      | iguanaiguana the Armataur Reaver began the quest for the
                  | Orb.
     0 | D:1      | Reached XP level 1. HP: 18/18 MP: 3/3
    46 | D:1      | Reached skill level 1 in Necromancy
   106 | D:1      | Reached XP level 2. HP: 16/25 MP: 4/4
   789 | D:2      | Reached XP level 3. HP: 21/28 MP: 3/5
   970 | D:2      | Learned a level 2 spell: Momentum Strike
  1028 | D:2      | Reached XP level 4. HP: 32/37 MP: 6/6
  1095 | D:2      | Reached skill level 1 in Translocations
  1226 | D:2      | Noticed Jessica
  1230 | D:2      | Killed Jessica
  1353 | D:2      | Reached XP level 5. HP: 46/46 MP: 7/7
  2021 | D:3      | Noticed Natasha
  2027 | D:3      | Killed Natasha
  2061 | D:3      | Found a faded altar of an unknown god.
  2061 | D:3      | Noticed a red devil
  2122 | D:3      | Found a sacrificial altar of Ru.
  2130 | D:3      | Became a worshipper of Ru the Awakened
  2153 | D:3      | Noticed Natasha
  2159 | D:3      | Killed Natasha
  2337 | D:3      | Noticed Natasha
  2343 | D:3      | Killed Natasha
  2923 | D:4      | Reached XP level 6. HP: 37/50 MP: 2/8
  3031 | D:4      | Got the Incunabulum of Captivating Changing
  3033 | D:4      | Identified the +7 dagger of Sunlight {distort, *Corrode
                  | Dex+2 SInv Stlth+}
  3229 | D:4      | Found a staircase to the Ecumenical Temple.
  3239 | Temple   | Entered the Ecumenical Temple
  3246 | Temple   | Fell from the grace of Ru
  3246 | Temple   | Became a worshipper of Warmaster Okawaru
  4118 | D:5      | Entered Level 5 of the Dungeon
  4372 | D:5      | Reached skill level 1 in Evocations
  4462 | D:5      | Reached XP level 7. HP: 61/63 MP: 6/9
  4573 | D:5      | Reached * piety under Okawaru
  4574 | D:5      | Reached skill level 1 in Throwing
  4635 | D:5      | Upgraded the game from 0.30-a0-241-g1121274140 to
                  | 0.30-a0-242-g7bf8e6d787
  4703 | D:5      | Found a snail-covered altar of Cheibriados.
  4703 | D:5      | Found a basalt altar of Yredelemnul.
  5319 | D:6      | Found Meimnaes's Elemental Accessories.
  5330 | D:6      | Found a sand-covered staircase.
  5357 | Ossuary  | Entered an ossuary
  5448 | Ossuary  | Reached skill level 1 in Invocations
  5448 | Ossuary  | Reached XP level 8. HP: 28/70 MP: 7/10
  5649 | D:6      | Reached ** piety under Okawaru
  5681 | D:6      | Reached skill level 1 in Axes
  5710 | D:6      | Found the +1 Delatra's gloves {ID++}
  5876 | D:6      | Reached skill level 2 in Axes
  5943 | D:6      | Reached skill level 3 in Axes
  6005 | D:6      | Reached skill level 4 in Axes
  6037 | D:6      | Found a burning altar of Makhleb.
  6061 | D:6      | Identified the +9 short sword of Niqu {vorpal, *Noise rF+
                  | rN+ Str+2}
  6084 | D:6      | Identified the +8 rapier of Bimec {drain, Dex+3 Stlth+}
  6357 | D:6      | Reached *** piety under Okawaru
  6358 | D:6      | Reached XP level 9. HP: 75/75 MP: 4/12
  6471 | D:6      | Reached skill level 5 in Axes
  6604 | D:7      | Found an ornate altar of the Wu Jian Council.
  7319 | D:7      | Found a radiant altar of Vehumet.
  7488 | D:7      | Noticed a moth of wrath
  7539 | D:7      | Found a bloodstained altar of Trog.
  7715 | D:7      | Found an opulent altar of Gozag.
  7882 | D:8      | Reached skill level 6 in Axes
  7906 | D:8      | Noticed a troll
  7910 | D:8      | Killed a troll
  8009 | D:8      | Noticed a troll
  8014 | D:8      | Killed a troll
  8186 | D:8      | Reached **** piety under Okawaru
  8187 | D:8      | Reached skill level 7 in Axes
  8315 | D:8      | Found a hazy altar of Hepliaklqana.
  8573 | D:9      | Noticed a two-headed ogre
  8808 | D:9      | Reached skill level 5 in Invocations
  8995 | D:9      | Noticed a centaur warrior
  9004 | D:9      | Reached skill level 1 in Shields
  9006 | D:9      | Killed a centaur warrior
  9006 | D:9      | Reached ***** piety under Okawaru
  9006 | D:9      | Received a gift from Okawaru
  9007 | D:9      | Reached XP level 10. HP: 83/83 MP: 3/13
  9144 | D:9      | Noticed a two-headed ogre
  9247 | D:9      | Reached skill level 5 in Shields
  9301 | D:9      | Killed a two-headed ogre
  9446 | D:9      | Killed a two-headed ogre
  9697 | D:9      | Identified the +0 scale mail "Hunoth" {Regen+ rCorr Int+2
                  | Slay+6}
  9916 | D:10     | Entered Level 10 of the Dungeon
  9932 | D:10     | Noticed a centaur warrior
  9992 | D:10     | Killed a centaur warrior
 10067 | D:10     | Noticed a two-headed ogre
 10072 | D:10     | Killed a two-headed ogre
 10072 | D:10     | Received a gift from Okawaru
 10073 | D:10     | Reached XP level 11. HP: 71/89 MP: 6/18
 10122 | D:10     | Noticed Harold
 10136 | D:10     | Killed Harold
 10137 | D:10     | Reached skill level 10 in Invocations
 10262 | D:10     | Found a transporter.
 10265 | D:10     | Found a transporter.
 10267 | D:10     | Found a transporter.
 10322 | D:10     | Found a shimmering altar of Xom.
 10322 | D:10     | Found a shimmering altar of Xom.
 10323 | D:10     | Found a shimmering altar of Xom.
 10325 | D:10     | Found a shimmering altar of Xom.
 10403 | D:10     | Reached skill level 8 in Axes
 10612 | D:10     | Found a transporter.
 10688 | D:10     | Found a staircase to the Lair.
 10862 | Lair:1   | Entered Level 1 of the Lair of Beasts
 11228 | Lair:1   | Received a gift from Okawaru
 11232 | Lair:1   | Reached skill level 9 in Axes
 11315 | Lair:1   | Received a gift from Okawaru
 11414 | Lair:1   | Reached ****** piety under Okawaru
 11537 | Lair:1   | Identified the +0 barding of Fun {rC- Regen+ Dex+2}
                  | (Okawaru gifted it to you on level 1 of the Lair of Beasts)
 11537 | Lair:1   | Received a gift from Okawaru
 11538 | Lair:1   | Reached skill level 10 in Axes
 11597 | Lair:1   | Noticed an eight-headed hydra
 12219 | Lair:2   | Noticed a swamp dragon
 12231 | Lair:2   | Killed a swamp dragon
 12251 | Lair:2   | Found a staircase to the Swamp.
 12281 | Lair:2   | Reached skill level 1 in Armour
 12315 | Lair:2   | Found a hole to the Spider Nest.
 12323 | Lair:2   | Noticed a death yak
 12343 | Lair:2   | Killed a death yak
 12395 | Lair:2   | Noticed a death yak
 12406 | Lair:2   | Killed a death yak
 12407 | Lair:2   | Reached XP level 12. HP: 97/97 MP: 6/19
 12409 | Lair:2   | Noticed a death yak
 12410 | Lair:2   | Noticed a death yak
 12411 | Lair:2   | Noticed a death yak
 12413 | Lair:2   | Noticed a death yak
 12435 | Lair:2   | Killed a death yak
 12436 | Lair:2   | Reached skill level 5 in Armour
 12558 | Lair:1   | Killed a death yak
 12559 | Lair:1   | Reached skill level 11 in Axes
 12598 | Lair:1   | Killed a death yak
 12616 | Lair:2   | Killed a death yak
 12616 | Lair:2   | Identified the +1 barding of Dasoas Ewao {*Corrode rC+
                  | Will+} (Okawaru gifted it to you on level 2 of the Lair of
                  | Beasts)
 12616 | Lair:2   | Received a gift from Okawaru
 13486 | Lair:3   | Reached skill level 12 in Axes
 13489 | Lair:3   | Found a gate leading to a gauntlet.
 13505 | Gauntlet | Entered a Gauntlet
 13505 | Gauntlet | Found a transporter.
 13508 | Gauntlet | Found a transporter.
 13509 | Gauntlet | Noticed a hell beast
 13524 | Gauntlet | Found a transporter.
 13525 | Gauntlet | Found a transporter.
 13532 | Gauntlet | Noticed a ghost crab
 13544 | Gauntlet | Found a transporter.
 13554 | Gauntlet | Noticed a death yak
 13554 | Gauntlet | Noticed a death yak
 13556 | Gauntlet | Noticed a death yak
 13556 | Gauntlet | Noticed a death yak
 13557 | Gauntlet | Found a transporter.
 13557 | Gauntlet | Noticed a death yak
 13557 | Gauntlet | Noticed a death yak
 13562 | Gauntlet | Found a transporter.
 13566 | Gauntlet | Found a transporter.
 13597 | Gauntlet | Found a transporter.
 13605 | Gauntlet | Found a transporter.
 13605 | Gauntlet | Found a transporter.
 13609 | Gauntlet | Noticed a blizzard demon
 13613 | Gauntlet | Found a transporter.
 13972 | Gauntlet | Killed a blizzard demon
 13991 | Gauntlet | Identified the +1 pair of gloves of the Grim Wumpus {Int+2}
 14147 | Gauntlet | Identified the +0 pair of gloves of Perfidy {rF+ Int+4
                  | Dex-4}
 14278 | Gauntlet | Noticed a minotaur
 14291 | Gauntlet | Killed a minotaur
 14671 | Lair:3   | Reached skill level 5 in Fighting
 15599 | Lair:4   | Noticed a five-headed hydra
 15613 | Lair:4   | Killed a five-headed hydra
 15629 | Lair:4   | Reached XP level 13. HP: 104/111 MP: 6/20
 15838 | Lair:4   | Received a gift from Okawaru
 15847 | Lair:4   | Received a gift from Okawaru
 16179 | Lair:5   | Entered Level 5 of the Lair of Beasts
 16406 | Lair:5   | Reached skill level 5 in Throwing
 16417 | Lair:5   | Received a gift from Okawaru
 16421 | Lair:5   | Reached skill level 5 in Evocations
 16691 | Lair:5   | Noticed Rupert
 16700 | Lair:5   | Found a viscous altar of Jiyva.
 16701 | Lair:5   | Found a staircase to the Slime Pits.
 17240 | D:11     | Found a staircase to the Orcish Mines.
 17252 | Orc:1    | Entered Level 1 of the Orcish Mines
 17264 | Orc:1    | Received a gift from Okawaru
 17340 | Orc:2    | Entered Level 2 of the Orcish Mines
 17425 | Orc:2    | Found Malua's Distillery.
 17803 | Orc:2    | Reached XP level 14. HP: 28/123 MP: 18/21
 17842 | Orc:2    | Found Luymabro's Magic Scroll Boutique.
 17844 | Orc:2    | Found Molaf's Assorted Antiques.
 17850 | Orc:2    | Bought a scroll of blinking for 75 gold pieces
 17850 | Orc:2    | Bought a scroll of fog for 40 gold pieces
 17854 | Orc:2    | Bought a twisted glass ring for 200 gold pieces
 17868 | Orc:2    | Found Watrirr's Distillery.
 17873 | Orc:2    | Bought a potion of heal wounds for 75 gold pieces
 17873 | Orc:2    | Bought a potion of heal wounds for 75 gold pieces
 17873 | Orc:2    | Bought a potion of heal wounds for 75 gold pieces
 17924 | Orc:2    | Found Goex's Antique Weapon Shop.
 17934 | Orc:2    | Received a gift from Okawaru
 17955 | Orc:2    | Bought a dazzling broad axe for 243 gold pieces
 17955 | Orc:2    | Identified the +0 broad axe "Wara" {pain, rCorr} (You
                  | bought it in a shop on level 2 of the Orcish Mines)
 18211 | Orc:2    | Found a staircase to the Elven Halls.
 18366 | Orc:1    | Found Ufonkoso's Distillery.
 18398 | Orc:1    | Bought a potion of curing for 33 gold pieces
 18398 | Orc:1    | Bought a potion of brilliance for 44 gold pieces
 18398 | Orc:1    | Bought a potion of heal wounds for 55 gold pieces
 18432 | Orc:1    | Bought a potion of berserk rage for 55 gold pieces
 18515 | Orc:2    | Bought a scroll of teleportation for 30 gold pieces
 18515 | Orc:2    | Bought a scroll of fear for 40 gold pieces
 18515 | Orc:2    | Bought a scroll of teleportation for 30 gold pieces
 18515 | Orc:2    | Bought a scroll of fear for 40 gold pieces
 18515 | Orc:2    | Bought a scroll of fear for 40 gold pieces
 18589 | Orc:2    | Bought a potion of invisibility for 104 gold pieces
 18589 | Orc:2    | Bought a potion of might for 52 gold pieces
 18589 | Orc:2    | Bought a potion of cancellation for 104 gold pieces
 18589 | Orc:2    | Bought a potion of ambrosia for 104 gold pieces
 18589 | Orc:2    | Bought a potion of heal wounds for 65 gold pieces
 18589 | Orc:2    | Bought a potion of mutation for 104 gold pieces
 19430 | D:12     | Reached skill level 10 in Throwing
 19454 | D:11     | Reached skill level 1 in Transmutations
 20019 | D:13     | Found a hide-covered altar of Uskayaw.
 20171 | D:13     | Learned a level 5 spell: Irradiate
 20426 | D:13     | Received a gift from Okawaru
 20436 | D:13     | Reached skill level 5 in Conjurations
 20436 | D:13     | Reached skill level 5 in Transmutations
 21104 | D:14     | Found a gate to the Vaults.
 21139 | D:14     | Received a gift from Okawaru
 21184 | D:14     | Identified the +9 shortbow "Sebeth" {vorpal, Str+7 Dex+3}
                  | (Okawaru gifted it to you on level 14 of the Dungeon)
 21184 | D:14     | Received a gift from Okawaru
 21189 | D:14     | Reached XP level 15. HP: 82/129 MP: 22/22
 21972 | D:14     | Found a shadowy altar of Dithmenos.
 22071 | D:15     | Entered Level 15 of the Dungeon
 22109 | Arena    | Entered the Arena
 22829 | D:15     | Received a gift from Okawaru
 22947 | D:15     | Found a staircase to the Depths.
 23095 | Swamp:1  | Entered Level 1 of the Swamp
 23257 | Swamp:1  | Found a transporter.
 23311 | Swamp:1  | Found a transporter.
 23314 | Swamp:1  | Noticed trickyswaf's ghost (journeyman SpHu)
 23315 | Swamp:1  | Found a bloodstained altar of Trog.
 23488 | Swamp:1  | Noticed a thorn hunter
 23504 | Swamp:1  | Killed a thorn hunter
 23568 | Swamp:1  | Identified a scroll of acquirement
 23569 | Swamp:1  | Acquired the -2 hat of Negation {rElec Will+ Dex+2}
 23862 | Arena    | Entered the Arena
 23868 | Arena    | Received a gift from Okawaru
 23902 | Swamp:2  | Received a gift from Okawaru
 24536 | Swamp:3  | Noticed a fenstrider witch
 24559 | Swamp:3  | Killed a fenstrider witch
 25148 | Swamp:4  | Entered Level 4 of the Swamp
 25163 | Arena    | Entered the Arena
 25378 | Swamp:3  | Reached XP level 16. HP: 83/136 MP: 12/23
 25989 | Swamp:3  | Received a gift from Okawaru
 25989 | Swamp:3  | Found the +8 mithril axe "Arga" {speed, Will+}
 26130 | Swamp:4  | Reached skill level 10 in Conjurations
 26130 | Swamp:4  | Reached skill level 10 in Transmutations
 26366 | Swamp:4  | Learned a level 4 spell: Iskenderun's Mystic Blast
 27008 | Swamp:4  | Received a gift from Okawaru
 27060 | Swamp:4  | Received a gift from Okawaru
 27114 | Swamp:4  | Noticed a bone dragon
 27163 | Swamp:4  | Killed a bone dragon
 27163 | Swamp:4  | Received a gift from Okawaru
 27199 | Swamp:4  | Got a decaying rune of Zot
 27279 | Swamp:4  | Upgraded the game from 0.30-a0-242-g7bf8e6d787 to
                  | 0.30-a0-250-g41c1d76940
 27470 | Elf:1    | Entered Level 1 of the Elven Halls
 27580 | Elf:1    | Found the +8 autumn katana {vorpal, manifold assault}
 27625 | Elf:1    | Received a gift from Okawaru
 27642 | Elf:1    | Found a frozen archway.
 27650 | Elf:1    | HP: 6/136 [azure jelly (1)]
 27657 | Elf:1    | HP: 8/204 [azure jelly (9)]
 27658 | Elf:1    | HP: 3/204 [azure jelly (6)]
 27658 | Elf:1    | Demolished by an azure jelly

Illustrated notes

Levels and vault maps discovered:
D:1:      onia_arrival_pentagram, layout_basic, chequers_serial_rivers_small_b
D:2:      layout_basic, uniq_jessica
D:3:      layout_rooms, nicolae_ru_sacrificial_ziggurat,
          dreamdust_ecumenical_altar_sealed_demon, uniq_natasha
D:4:      layout_loops_corners, minmay_temple_entry_slanted,
          minmay_a_box_with_orc_wizards_in_it
D:5:      layout_loops_ring, mainiacjoe_overflow_divided_tiny,
          amcnicky_mini_corridor_feature, chequers_arboretum
D:6:      layout_rooms, mainiacjoe_overflow_alcove_1, enter_ossuary_3,
          nicolae_elemental_shop, kennysheep_crisscross,
          pf_guarded_unrand_delatra
D:7:      layout_basic, vehumet_statue, nicolae_overflow_hidden_temple,
          tgw_trog, mainiacjoe_overflow_catwalk, chequers_serial_rivers_micro_b,
          fountainhead
D:8:      layout_cave_pools, worldfamousw_hep_ancestral_shrine,
          serial_column_ruins, column_ruins_open_medium_water,
          column_ruins_open_small, column_ruins_open_medium_water,
          column_ruins_columns_straight, column_ruins_grid_1
D:9:      layout_stronghold, minmay_fractal_squares_gapless_5
D:10:     layout_loops_cross, xom_shifter_show, lair_entry_dummy,
          nicolae_diode_quadrants, uniq_harold
D:11:     layout_cave_pools, david_orc_4
D:12:     layout_basic, grunt_ministairs_12, nicolae_splish_splash
D:13:     layout_loops_ring, serial_undead, serial_undead_b, serial_undead_c,
          serial_undead_a, serial_undead_c, minivault_16,
          nicolae_uskayaw_murder_on_the_dancefloor
D:14:     layout_basic, lightli_vaults_fourway_checkpoint, corexii_corridor_pit,
          grunt_dithmenos_shadows
D:15:     grunt_enter_depths_magical_seal, layout_irregular_city,
          grunt_decor_one_mirror, dk_noncrumbling_4, eino_curves_03
Temple:   minmay_freezing_vapour_temple
Lair:1:   cheibrodos_lair_river_kwai, layout_hall_layers
Lair:2:   layout_cave_pods, minmay_swamp_entry_reptiles, spider_nest_entry_a,
          lemuel_old_faithful
Lair:3:   layout_long_grid, nicolae_volcano_entry_vermiform,
          gauntlet_entry_generic, wad_woods_river_01
Lair:4:   layout_cave_shapes, serial_bayou_shore_b
Lair:5:   guppyfry_lair_end_dragon, layout_cellular_growth, slime_entry_1,
          grunt_megastairs_2, uniq_rupert
Swamp:1:  layout_falls_marsh, gammafunk_ghost_wrathful_warriors,
          nicolae_swamp_treefoil
Swamp:2:  layout_falls_marsh, serial_swamp_ruin, evilmike_swamp_ruin_house_1,
          evilmike_swamp_ruin_house_3, infiniplex_staircase_pool
Swamp:3:  layout_basic_swamp, evilmike_swamp_ruin_house_4
Swamp:4:  swamp_pestilence, layout_basic_swamp, swamp_pool1
Orc:1:    layout_diamond_mine, serial_shops, shop_fountains
Orc:2:    hellmonk_orc_salted, layout_diamond_mine, serial_shops,
          nicolae_shop_competitors_out_of_business
Elf:1:    eino_elf_arrival_sip, layout_geoelf_octagon,
          portal_ice_cave_entry_frozen_things, hangedman_elf_disciples

Skill      XL: |  1  2  3  4  5  6  7  8  9 10 11 12 13 14 15 16 |
---------------+-------------------------------------------------+-----
Necromancy     | 1 2 |  2.0
Fighting       | 2 3 4 6 8 |  8.0
Translocations | 2 4 |  4.0
Conjurations   | 3 6 9 11 | 11.6
Evocations     | 3 4 7 8 |  8.0
Throwing       | 4 8 10 | 10.0
Invocations    | 1 4 5 9 10 | 10.0
Axes           | 4 7 10 12 | 12.8
Shields        | 4 6 |  6.0
Armour         | 4 5 |  5.0
Transmutations | 6 9 11 | 11.6
Spellcasting   | 2 4 |  4.0
Maces & Flails | |  2.6
Dodging        | |  1.3

Action                   |  1- 3 |  4- 6 |  7- 9 | 10-12 | 13-15 | 16-18 || total
-------------------------+-------+-------+-------+-------+-------+-------++-------
Melee: Mace              |    47 |       |       |       |       |       ||    47
       Tailslap          |     7 |    24 |    43 |    58 |   194 |    47 ||   373
       Whip              |    38 |    19 |       |       |       |       ||    57
       Flail             |       |    17 |       |     2 |     7 |       ||    26
       Quarterstaff      |       |   123 |       |       |       |       ||   123
       Dagger            |       |    19 |    45 |       |       |       ||    64
       Punch             |       |     1 |       |       |       |       ||     1
       Spear             |       |       |   131 |       |       |       ||   131
       Broad axe         |       |       |   134 |   407 |  1013 |   279 ||  1833
       Unarmed           |       |       |     5 |     6 |       |       ||    11
Throw: Stone             |     8 |     4 |     3 |       |       |       ||    15
       Dart              |       |     3 |    32 |    53 |    24 |       ||   112
       Javelin           |       |       |     3 |     1 |    25 |    33 ||    62
       Boomerang         |       |       |     1 |    13 |    33 |    54 ||   101
       Throwing net      |       |       |       |     1 |     1 |       ||     2
 Cast: Kiss of Death     |     2 |     2 |       |     1 |       |       ||     5
       Momentum Strike   |       |    15 |    13 |       |       |       ||    28
       Irradiate         |       |       |       |       |    16 |     9 ||    25
Invok: Heroism           |       |       |     2 |     7 |     5 |     4 ||    18
       Finesse           |       |       |       |     4 |     2 |     2 ||     8
       Duel              |       |       |       |       |     3 |       ||     3
Evoke: Wand              |       |     7 |    17 |    22 |    26 |    10 ||    82
       Lightning rod     |       |       |       |       |     9 |     3 ||    12
  Use: Scroll            |     3 |     5 |     7 |    16 |    13 |     1 ||    45
       Potion            |       |       |     5 |     3 |    11 |     6 ||    25
 Stab: Distracted        |     1 |       |       |       |       |       ||     1
       Paralysed         |       |       |       |     2 |     6 |       ||     8
       Invisible         |       |       |       |     1 |     6 |       ||     7
       Held in net/web   |       |       |       |       |     3 |       ||     3
Armor: Leather armour    |    29 |       |       |       |       |       ||    29
       Robe              |    21 |    51 |    21 |       |       |       ||    93
       Skin              |       |       |    22 |     3 |       |       ||    25
       Steam dragon scal |       |       |    32 |     6 |       |       ||    38
       Scale mail        |       |       |       |   127 |   679 |   144 ||   950
Dodge: Dodged            |    41 |   110 |   184 |   161 |   382 |    88 ||   966
Block: Buckler           |       |       |     6 |   137 |   366 |    65 ||   574

Table legend: (Time is in decaauts)
 A = Elapsed time spent in this place.
 B = Non-inter-level travel time spent in this place.
 C = Inter-level travel time spent in this place.
 D = Time resting spent in this place.
 E = Time spent auto-exploring this place.
 F = Levels seen in this place.
 G = Mean time per level.
                   A        B        C        D        E       F      G
               +--------+--------+--------+--------+--------+-----+--------+
         Total |  27792 |  25367 |   2425 |   3966 |  12207 |  33 |  842.2 |
       Dungeon |  15993 |  14729 |   1264 |   2556 |   7502 |  15 | 1066.2 |
        Temple |     37 |     37 |      0 |     17 |      0 |   1 |   37.0 |
          Lair |   5288 |   4766 |    522 |    448 |   2485 |   5 | 1057.6 |
         Swamp |   3834 |   3485 |    349 |    750 |   1501 |   4 |  958.5 |
  Orcish Mines |   1426 |   1137 |    289 |     12 |    523 |   2 |  713.0 |
   Elven Halls |    156 |    156 |      0 |      0 |      0 |   1 |  156.0 |
       Ossuary |    188 |    188 |      0 |      0 |      1 |   1 |  188.0 |
      Gauntlet |    805 |    805 |      0 |    181 |    194 |   1 |  805.0 |
         Arena |     62 |     62 |      0 |      2 |      0 |   3 |   20.7 |
               +--------+--------+--------+--------+--------+-----+--------+

Top non-repeatable levels by time:
  Lair:2: 1546 daAuts
     D:9: 1460 daAuts
     D:4: 1438 daAuts
  Lair:1: 1411 daAuts
     D:7: 1378 daAuts
    D:14: 1359 daAuts
   Orc:2: 1222 daAuts
 Swamp:4: 1192 daAuts
    D:13: 1163 daAuts
    D:10: 1106 daAuts
     D:6: 1091 daAuts
     D:3: 1085 daAuts
     D:5: 1077 daAuts
 Swamp:3: 1019 daAuts
     D:2: 1001 daAuts
